 Dungeon Crawl Stone Soup version 0.18.1-50-g88ac8fd (webtiles) character file.

201 FruitAndGarbage the Digger (level 5, -2/30 HPs)
             Began as a Gargoyle Earth Elementalist on Oct 22, 2016.
             Was a Follower of Cheibriados.
             Killed from afar by an orc wizard (7 damage)
             ... with a magic dart
             ... on level 4 of the Dungeon.
             The game lasted 00:15:39 (3190 turns).

FruitAndGarbage the Digger (GrEE)                   Turns: 3190, Time: 00:15:39

Health: -2/30      AC:  6    Str: 14    XL:     5   Next: 79%
Magic:  0/9        EV: 12    Int: 18    God:    Cheibriados [*.....]
Gold:   57         SH:  0    Dex: 12    Spells: 3 memorised, 3 levels left

rFire  . . .     SeeInvis .     t - +2 dagger (holy)
rCold  . . .     Gourm    .     e - +0 robe
rNeg   + . .     Faith    .     (no shield)
rPois  ∞         Spirit   .     (no helmet)
rElec  +         Dismiss  .     (no cloak)
rCorr  .         Reflect  .     (no gloves)
SustAt .         Harm     .     (no boots)
MR     .....                    (no amulet)
Stlth  ++........               (no ring)
                                (no ring)

@: slowed, very slow, not resistant to hostile enchantments, unstealthy
A: negative energy resistance 1, electricity resistance, unbreathing,
petrification resistance, rot immunity, AC +4
a: Bend Time, Renounce Religion


You were on level 4 of the Dungeon.
You worshipped Cheibriados.
Cheibriados was aware of your devotion.
You were not hungry.

You visited 1 branch of the dungeon, and saw 4 of its levels.

You collected 57 gold pieces.

Inventory:

Hand Weapons
 a - a +0 dagger
 t - a +2 dagger of holy wrath (weapon)
Missiles
 b - 93 stones (quivered)
Armour
 e - a +0 robe (worn)
Scrolls
 f - a scroll of remove curse
 l - 2 scrolls of fear
 n - a scroll of teleportation {unknown}
 o - a scroll of immolation {unknown}
 p - a scroll of enchant armour {unknown}
 s - a scroll of random uselessness {unknown}
Potions
 g - a potion of lignification {unknown}
 h - a potion of cure mutation {unknown}
 j - 2 potions of heal wounds {unknown}
 m - a potion of curing
 q - 2 potions of invisibility {unknown}
 u - a potion of might {unknown}
Books
 c - a book of Geomancy

   Spells                             Type                      Level
   a - Sandblast                      Earth                        1
   b - Passwall                       Transmutation/Earth          2
   c - Stone Arrow                    Conjuration/Earth            3
   d - Petrify                        Transmutation/Earth          4
   e - Lee's Rapid Deconstruction     Earth                        5
Comestibles
 d - 3 bread rations
 i - a slice of pizza
 k - a beef jerky
 r - a chunk of flesh


   Skills:
 * Level 1.6 Fighting
 + Level 0.3 Short Blades
 * Level 2.3 Dodging
 * Level 3.3 Stealth
 + Level 2.7 Spellcasting
 * Level 1.0 Conjurations
 * Level 1.9 Transmutations
 + Level 4.2 Earth Magic
 * Level 0.4 Invocations


You had 3 spell levels left.
You knew the following spells:

 Your Spells              Type           Power        Failure   Level  Hunger
a - Sandblast             Erth           ###...       3%          1    None
b - Passwall              Trmt/Erth      ##........   10%         2    ##.....
c - Stone Arrow           Conj/Erth      ##....       21%         3    ###....


Dungeon Overview and Level Annotations

Branches:
Dungeon (4/15)
 Temple: D:4-7

Altars:
Cheibriados
Fedhas
Nemelex Xobeh
Okawaru
Pakellas
Trog
Yredelemnul


Innate Abilities, Weirdness & Mutations

You are resistant to torment.
Your stone body is resilient (AC +4).
You are immune to poison.
You resist negative energy.
You are resistant to electric shocks.
You can survive without breathing.
You are immune to petrification.
You are immune to rotting.


Message History

The orc wizard barely misses you. The orc wizard closely misses you.
You closely miss the orc wizard.
The orc wizard is severely wounded.
The orc wizard hits you with a dagger.
* * * LOW HITPOINT WARNING * * *
The orc wizard casts a spell at you.
You feel as though you will be slow longer.
You hit the orc wizard but do no damage.
The orc wizard is severely wounded.
The orc wizard mumbles some strange words.
The orc wizard blinks!
The orc wizard barely misses you.
Casting: Sandblast
Confirm with . or Enter, or press ? or * to list all spells.
Aiming: Sandblast
Press: ? - help, Shift-Dir - straight line, f/p - orc wizard
Aim: an orc wizard, wielding a dagger and wearing a robe (severely wounded, fast)
The blast of sand misses the orc wizard.
The orc wizard casts a spell at you. The magic dart hits you!
You die...

.. . ....# .. .####....# ..
#..<.....# .. #........#.# .#
###......#.#.# ..
.........#.#.# .. #......#.#.#
. ########## # #.@§...#...####
.# .........#
#.##o............##. ########.#
#.......###........
########.######....###....#.##
...................'.......####
....#.....##.##....###.#...#≈_#
###.#.....##.##.....##.#...##.#
#.....##.###....##+#....'.#
#.....##.# #.........<###.###


You could see an orc wizard.

Vanquished Creatures
  An orc wizard (D:4)
  A worker ant (D:4)
  6 adders
  3 worms
  2 dart slugs (D:1)
  4 giant geckos
  7 orcs
  2 giant cockroaches
  5 goblins
  7 hobgoblins
  7 jackals
  A quokka (D:3)
  7 bats
  5 giant newts
  10 kobolds
  9 rats
77 creatures vanquished.

Vanquished Creatures (others)
  5 toadstools (D:1)
5 creatures vanquished.

Grand Total: 82 creatures vanquished

Notes
Turn   | Place    | Note
--------------------------------------------------------------
     0 | D:1      | FruitAndGarbage the Gargoyle Earth Elementalist began the quest for the Orb.
     0 | D:1      | Reached XP level 1. HP: 10/10 MP: 3/3
   142 | D:1      | Reached XP level 2. HP: 15/15 MP: 0/5
   146 | D:1      | Learned a level 2 spell: Passwall
   380 | D:1      | Reached skill level 1 in Transmutations
   421 | D:1      | Reached XP level 3. HP: 8/19 MP: 0/6
   426 | D:1      | Learned a level 3 spell: Stone Arrow
  1144 | D:2      | Reached skill level 4 in Earth Magic
  1228 | D:2      | Reached XP level 4. HP: 16/24 MP: 1/7
  1439 | D:2      | Reached skill level 1 in Fighting
  1496 | D:2      | Found a snail-covered altar of Cheibriados.
  1540 | D:2      | Became a worshipper of Cheibriados the Contemplative
  1651 | D:2      | Noticed a moth of wrath
  1654 | D:2      | Found a bloodstained altar of Trog.
  1942 | D:3      | Found a blossoming altar of Fedhas.
  2181 | D:3      | Found an oddly glowing altar of Pakellas.
  2215 | D:3      | Reached XP level 5. HP: 12/29 MP: 0/8
  2482 | D:3      | Reached * piety under Cheibriados
  2746 | D:3      | Found an iron altar of Okawaru.
  2959 | D:4      | Found a sparkling altar of Nemelex Xobeh.
  2959 | D:4      | Found a basalt altar of Yredelemnul.
  3131 | D:4      | Reached skill level 1 in Conjurations
  3190 | D:4      | Killed from afar by an orc wizard

Skill      XL: |  1  2  3  4  5 |
---------------+----------------+-----
Transmutations | 1 |  1.9
Dodging        | 2 |  2.3
Earth Magic    | 4 |  4.2
Fighting       | 1 |  1.6
Stealth        | 3 |  3.3
Conjurations   | 1 |  1.0
Short Blades   | |  0.3
Spellcasting   | |  2.7
Invocations    | |  0.4

Action                   |  1- 3 |  4- 6 || total
-------------------------+-------+-------++-------
Melee: Dagger            |    27 |    52 ||    79
 Cast: Sandblast         |    62 |    90 ||   152
       Stone Arrow       |       |     1 ||     1
  Use: Scroll            |       |     3 ||     3
 Stab: Sleeping          |       |     1 ||     1
  Eat: Chunk             |     2 |     6 ||     8
Armor: Robe              |    15 |    33 ||    48
Dodge: Dodged            |    38 |    68 ||   106
